AoeStats
← schmeno

Oasis

507832238Analyzed
3v3 RM · 14d ago on Sep 19, 2026· 22m 37s· 6 players
Game mode
Random Map
Map size
Normal (6 player)
Population
200
Speed
Normal
Resources
Standard
Victory
Conquest
Starting age
Dark Age
Ending age
Imperial Age
RankedLock teamsTeams togetherTeam positionsShared explorationLock speedFull tech treeHidden civsTurbo modeCheats
Victory
Defeat
🇺🇸 Mongols · United States
1234
+11
🇺🇸 Jurchens · United States
1190
+13
🇺🇸 Franks · United States
1146
+15
🇹🇷 Romans · Türkiye
1167
-14
🇹🇷 Wei · Türkiye
1116
-13
🇹🇷 Khmer · Türkiye
1100
-12
Morsmordre
3:15 Loom
11:43 Feudal Age
12:12 Double-Bit Axe
12:07 Horse Collar
20:24 Castle Age
18:50 Town Watch
KET0
2:21 Loom
11:34 Feudal Age
17:09 Castle Age
15:38 Double-Bit Axe
15:52 Horse Collar
18:17 Fletching
18:28 Padded Archer Armor
zokarr
3:12 Loom
12:21 Feudal Age
13:21 Double-Bit Axe
18:03 Castle Age
16:22 Horse Collar
18:17 Stone Mining
19:19 Wheelbarrow
18:45 Elite Skirmisher
Tired Cock
11:22 Feudal Age
15:15 Castle Age
14:12 Double-Bit Axe
14:32 Horse Collar
18:23 Bloodlines
18:13 Husbandry
18:23 Husbandry
Deputy Dong
10:36 Feudal Age
14:59 Castle Age
15:01 Double-Bit Axe
17:26 Bow Saw
18:08 Fletching
19:26 Padded Archer Armor
21:16 Bodkin Arrow
22:33 Bloodlines
23:40 Wheelbarrow
schmeno
6:23 Loom
8:44 Feudal Age
9:31 Double-Bit Axe
20:34 Castle Age
21:04 Gold Mining
21:16 Fletching
22:03 Bow Saw
23:21 Fortified Wall
Connection lost

Rejoining the realm…

Still unreachable

The connection could not be restored.

Session expired

The server has moved on; the page needs a fresh start.